 Seeded DCSS version 0.29.1-2-gbd0b4ee654 (webtiles) character file.

Game seed: 1 (custom seed)

294207 Kazon the Fencer (level 21, -8/170 HPs)
             Began as a Human Berserker on Nov 22, 2022.
             Was a High Priest of Trog.
             Mangled by a deep troll shaman (12 damage)
             ... on level 1 of the Depths on Nov 23, 2022.
             The game lasted 05:12:09 (34131 turns).

Kazon the Fencer (Human Berserker)                 Turns: 34131, Time: 05:12:10

Health: -8/170     AC: 31    Str: 24    XL:     21   Next: 74%
Magic:  21/21      EV: 14    Int:  6    God:    Trog [*****.]
Gold:   3191       SH: 12    Dex: 14    Spells: 20/20 levels left

rFire   + + +      SeeInvis +   q - +9 eveningstar (vamp)
rCold   + . .      Faith    .   c - +0 kite shield {reflect}
rNeg    + + +      Spirit   .   y - +10 pearl dragon scales of Sutirphanoc {rN+ Will+}
rPois   +          Reflect  +   R - +0 mask of the Dragon {Will+ Slay+3 SInv}
rElec   +          Harm     .   P - scarf {rC+ rF+}
rCorr   .          Rampage  .   r - +1 pair of gloves of Vixeyst {rPois Regen+ Int-5 SInv}
Will    +++..                   W - +2 pair of boots {Fly}
Stlth   ++........              N - amulet "Odemouw" {Contam rPois rF+++ Regen+ Stlth+}
HPRegen 1.98/turn               I - ring of positive energy
MPRegen 0.17/turn               F - ring of positive energy

@: on berserk cooldown, flying, slowed, studying 2 skills, very slow
A: electricity resistance
}: 2/15 runes: barnacled, gossamer
a: Renounce Religion, Berserk, Trog's Hand, Brothers in Arms


You were on level 1 of the Depths.
You worshipped Trog.
Trog was extremely pleased with you.
You visited 8 branches of the dungeon, and saw 35 of its levels.
You also visited: Gauntlet.

You collected 5887 gold pieces.
You spent 2696 gold pieces at shops.

Inventory:

Hand Weapons
 f - the +2 Maxwell's thermic engine {flame, freeze}
   (You found it on level 1 of the Lair of Beasts)

   It burns those it strikes, dealing additional fire damage.
   Big, fiery blades are also staple armaments of hydra-hunters.
   It freezes those it strikes, dealing additional cold damage.
   It can also slow down cold-blooded creatures.
   It becomes more effective when it hits something.
   This effect fades over time.
 q - a +9 vampiric eveningstar (weapon)
 s - the +3 falchion of Winter {venom, rCorr}
   (You bought it in a shop on level 3 of the Dungeon)

   It poisons the flesh of those it strikes.
   rCorr:     It protects you from acid and corrosion.
Missiles
 h - 4 silver javelins
 n - 2 throwing nets
 o - 29 boomerangs (quivered)
 C - 5 curare-tipped darts
 T - 4 datura-tipped darts
 V - 16 javelins
Armour
 c - a +0 kite shield of reflection (worn)
 r - the +1 pair of gloves of Vixeyst (worn) {rPois Regen+ Int-5 SInv}
   (You acquired it on level 1 of the Spider Nest)

   Int:       It affects your intelligence (-5).
   rPois:     It protects you from poison.
   SInv:      It lets you see invisible.
   Regen:     It increases your rate of health regeneration.
 v - a +1 cloak of stealth
 y - the +10 pearl dragon scales of Sutirphanoc (worn) {rN+ Will+}
   (You acquired it on level 1 of the Dungeon)

   rN:        It protects you from negative energy.
   Will:      It increases your willpower.
 P - a scarf of resistance (worn)
 R - the +0 mask of the Dragon (worn) {Will+ Slay+3 SInv}
   (You bought it in a shop on level 3 of the Elven Halls)

   Slay:      It affects your accuracy & damage with ranged weapons and melee
   (+3).
   SInv:      It lets you see invisible.
   Will:      It increases your willpower.
 W - a +2 pair of boots of flying (worn)
Jewellery
 u - the ring "Azxilac" {+Blink rPois rC+ Int-3 Dex+6}
   (You found it in a Gauntlet)

   [ring of dexterity]

   Int:       It affects your intelligence (-3).
   Dex:       It affects your dexterity (+6).
   rC:        It protects you from cold.
   rPois:     It protects you from poison.
   +Blink:    It lets you blink.
 E - a ring of protection from cold
 F - a ring of positive energy (right hand)
 I - a ring of positive energy (left hand)
 N - the amulet "Odemouw" (around neck) {Contam rPois rF+++ Regen+ Stlth+}
   (You bought it in a shop on level 8 of the Dungeon)

   [amulet of regeneration]

   rF:        It renders you almost immune to fire.
   rPois:     It protects you from poison.
   Contam:    It causes magical contamination when unequipped.
   Regen:     It increases your rate of health regeneration.
   Stlth:     It makes you more stealthy.
 O - a ring of protection from cold
Wands
 g - a wand of acid (4)
 j - a wand of flame (14)
 x - a wand of mindburst (46)
 J - a wand of paralysis (20)
 K - a wand of roots (25)
 Q - a wand of polymorph (19)
Scrolls
 b - a scroll of magic mapping
 i - a scroll of blinking
 m - 4 scrolls of immolation
 p - 4 scrolls of poison
 w - 5 scrolls of fog
 z - 3 scrolls of fear
 A - 5 scrolls of teleportation
 L - 2 scrolls of summoning
 X - 2 scrolls of silence
Potions
 a - 5 potions of ambrosia
 d - 9 potions of haste
 e - a potion of heal wounds
 l - 3 potions of resistance
 t - 13 potions of lignification
 D - 3 potions of cancellation
 G - 5 potions of might
 H - 14 potions of curing
 S - 2 potions of invisibility
Miscellaneous
 k - a box of beasts
 B - a lightning rod (4/4)
 M - a condenser vane
 U - a phial of floods
 Y - a phantom mirror
 Z - a tin of tremorstones (2/2)


   Skills:
 + Level 15.9 Fighting
 + Level 1.9(11.9) Short Blades
 + Level 17.9(18.0) Long Blades
 * Level 8.6 Maces & Flails
 + Level 14.9 Throwing
 + Level 12.0 Armour
 * Level 12.1 Dodging
 + Level 5.7 Stealth
 + Level 12.0 Shields
 * Level 15.3 Evocations


You had 20 spell levels left.
You didn't know any spells.
Your spell library was empty.

Dungeon Overview and Level Annotations

Branches:
Dungeon (15/15)            Temple (0/1) D:7            Lair (5/5) D:10
 Shoals (4/4) Lair:3       Spider (4/4) Lair:3        Slime (0/5) Lair:4
    Orc (2/2) D:12            Elf (3/3) Orc:2        Vaults (1/5) D:13
 Depths (1/4) D:15        Gauntlet (visited)

Altars:
Elyvilon
Hepliaklqana
Kikubaaqudgha
Uskayaw
Xom
Jiyva

Shops:
D:3 (   D:8 ?(==   D:10 :   D:13 !   Orc:2 ([*=   Elf:2 [?!?   Elf:3 [(

Annotations:
D:14 3 runed translucent doors, Foerhozi's ghost, journeyman DgAr
D:15 Roxanne
Orc:2 1 runed translucent door, SirLogeyBear's ghost, journeyman HOBe
Elf:2 2 transporters, Vatovie's ghost, journeyman MiBe


Innate Abilities, Weirdness & Mutations

You are resistant to electric shocks. (rElec)


Message History

The deep troll dies!
Trog accepts your kill.
The deep troll bites you but does no damage.
The deep troll claws you!
* * * LOW HITPOINT WARNING * * *
You block the deep troll's attack.
The fire giant hits you with a +1 great sword of flaming.
* * * LOW HITPOINT WARNING * * *
The deep troll shaman bites you but does no damage.
The deep troll shaman claws you but does no damage. x2
Your troll bites the deep troll.
Your troll claws the deep troll!
Your troll claws the deep troll.
You feel much better. The deep troll closely misses you.
The deep troll claws you but does no damage. x2
Your troll barely misses the deep troll.
Your troll claws the deep troll.
Your troll barely misses the deep troll.
The fire giant hits you with a +1 great sword of flaming.
* * * LOW HITPOINT WARNING * * *
The deep troll shaman bites you.
* * * LOW HITPOINT WARNING * * *
The deep troll shaman closely misses you.
The deep troll shaman misses you.
The deep troll bites you but does no damage.
You block the deep troll's attack. x2
Your troll closely misses the deep troll.
Your troll claws the deep troll but does no damage.
Your troll misses the deep troll.
You hit the deep troll shaman but do no damage.
The deep troll shaman is severely wounded.
The deep troll barely misses you. You block the deep troll's attack.
The deep troll claws you but does no damage.
Your troll bites the deep troll!
Your troll claws the deep troll but does no damage.
Your troll closely misses the deep troll.
The fire giant hits you with a +1 great sword of flaming!
* * * LOW HITPOINT WARNING * * *
The deep troll shaman bites you but does no damage.
The deep troll shaman claws you!
You die...

#####
##/..## #
##⌠...⌠##
#.#.......#
#.....⌠.>.#
#.....T.#
#⌠.C†T#
##.T@##
#####


You could see a fire giant, a deep troll (fast, distracted, ally target), a deep
troll shaman and a friendly troll (summoned, berserk).

Vanquished Creatures
  Mara (Spider:4)
  Nikola (Elf:2)
  2 deep elf blademasters (Elf:3)
  Asterion (Elf:3)
  Rupert (D:12)
  2 deep elf master archers (Elf:3)
  Donald (Orc:2)
  Agnes (Elf:1)
  A slime creature (D:15)
  3 deep elf sorcerers (Elf:3)
  6 emperor scorpions
  A vault warden (Vaults:1)
  4 ghost moths
  Louise (Elf:3)
  A cacodemon (Gauntlet)
  An orc warlord (Orc:2)
  A deep elf elementalist (Elf:3)
  3 broodmothers
  4 deep elf demonologists
  A stone giant (Depths:1)
  Nessos (D:12)
  The ghost of funnyparkerb the Spry, a journeyman FeSu of Gozag (Shoals:4)
  4 dire elephants
  4 spark wasps
  Snorg (D:14)
  A minotaur (Gauntlet)
  Azrael (D:13)
  4 deep elf annihilators (Elf:3)
  3 entropy weavers
  2 deep elf death magi (Elf:3)
  6 merfolk impalers
  7 merfolk javelineers (Shoals:4)
  2 deep elf high priests (Elf:3)
  A fire dragon (D:13)
  A great orb of eyes (D:15)
  Fannar (Lair:2)
  4 hydras
  4 boulder beetles
  A hell beast (Gauntlet)
  Erolcha (D:10)
  4 catoblepae
  3 vault guards
  3 merfolk avatars
  An ironbound frostheart (Vaults:1)
  An alligator snapping turtle (Shoals:4)
  6 centaur warriors
  A jorogumo (Spider:4)
  A death knight (D:14)
  3 two-headed ogres
  29 dancing weapons
  4 merfolk aquamancers
  4 satyrs
  5 death scarabs (Spider:4)
  A deep troll shaman (Depths:1)
  A tengu warrior (D:15)
  10 death yaks
  3 orc high priests (Orc:2)
  2 spectral emperor scorpions (Spider:4)
  Urug (Orc:1)
  15 deep elf knights
  5 skeletal warriors
  13 pharaoh ants
  A fire crab (D:13)
  11 sea snakes
  A sun moth (Spider:1)
  Lodul (D:12)
  8 steelbarb worms
  3 spriggan simulacra (D:14)
  7 orb spiders
  An ironbound convoker (Vaults:1)
  A wizard (D:14)
  9 deep elf archers
  5 spectral wolf spiders
  26 harpies
  23 deep elf zephyrmancers
  4 orc knights
  6 orc sorcerers
  A broodmother zombie (Spider:4)
  4 wolf spider zombies
  6 cyclopes
  12 fauns
  30 deep elf pyromancers
  18 wolf spiders
  24 ugly things
  20 manticores
  10 merfolk sirens
  3 moths of wrath
  5 elephants (Lair:4)
  5 black mambas
  6 water nymphs
  11 cane toads
  8 torpor snails
  Maggie (D:6)
  4 rime drakes
  2 unseen horrors
  A rime drake (shapeshifter) (D:15)
  3 freezing wraiths
  4 kobold demonologists (D:11)
  15 komodo dragons
  3 spectral redbacks (Spider:4)
  14 demonic crawlers
  A tengu conjurer (D:12)
  2 efreet
  2 redback zombies (Spider:4)
  2 queen bees (shapeshifter) (Elf:1)
  5 trolls
  Prince Ribbit (D:9)
  A queen bee (Spider:4)
  24 tarantellas
  A spectral culicivora (Spider:4)
  2 spectral jumping spiders (Spider:4)
  8 wind drakes
  A polar bear (Lair:4)
  18 merfolk
  A jumping spider zombie (Spider:4)
  6 meliai (Spider:4)
  2 tarantella zombies (Spider:4)
  A wolf spider simulacrum (Spider:1)
  11 dream sheep
  17 blink frogs
  A dream sheep (shapeshifter) (D:13)
  A culicivora zombie (Spider:4)
  11 snapping turtles
  30 jumping spiders
  2 shadows
  2 air elementals (Elf:3)
  2 vampires
  3 fire elementals
  2 wraiths (D:12)
  63 yaks
  32 culicivoras
  14 water elementals
  5 wyverns
  6 basilisks
  3 neqoxecs (Gauntlet)
  Eustachio (D:5)
  45 redbacks
  2 steam dragons
  6 vampire mosquitoes
  3 minotaur simulacra (D:14)
  Menkaure (D:5)
  Edmund (D:6)
  2 wargs (Orc:1)
  2 acid dragons
  16 water moccasins
  4 hell hounds
  36 orc warriors
  An ice beast (D:8)
  5 sky beasts
  2 black bears (D:6)
  5 centaurs
  11 ogres
  A wolf (D:10)
  2 phantoms (D:6)
  3 kobold brigands
  2 earth elementals
  3 necrophages
  6 bullfrogs
  2 deep troll simulacra (D:14)
  A gnoll sergeant (D:7)
  10 scorpions
  21 wights
  18 killer bees
  3 electric eels
  A howler monkey (D:5)
  2 jellies (D:6)
  6 hounds
  31 orc priests
  2 gnoll boudas
  6 iguanas
  30 orc wizards
  4 hell rats (Lair:3)
  Robin (D:3)
  18 gnolls
  13 adders
  3 shadow imps
  A white imp (D:7)
  An ufetubus (D:5)
  4 worms
  95 orcs
  11 endoplasms
  3 giant cockroaches
  16 goblins
  9 hobgoblins
  A jackal (D:4)
  27 kobolds
  A quokka (D:1)
  5 ball pythons
  4 bats
  3 frilled lizards
  6 rats
1322 creatures vanquished.

Vanquished Creatures (collateral kills)
  3 death scarabs (Spider:4)
  A dancing weapon (Elf:2)
  A sea snake (Shoals:4)
  2 spectral wolf spiders (Spider:1)
  A deep troll (Depths:1)
  4 wolf spider zombies (Spider:1)
  4 wolf spiders
  A redback zombie (Spider:4)
  6 merfolk (Shoals:4)
  3 meliai (Spider:4)
  A tarantella (Spider:4)
  A wolf spider simulacrum (Spider:1)
  A jumping spider zombie (Spider:4)
  A jumping spider (Spider:4)
  5 redbacks
  A killer bee (Spider:4)
36 creatures vanquished.

Vanquished Creatures (others)
  A deep elf demonologist (Elf:3)
  A dancing weapon (Elf:2)
  An alligator (shapeshifter) (D:14)
  3 deep elf knights
  2 deep elf zephyrmancers (Elf:2)
  A harpy (D:14)
  2 centaur simulacra (D:14)
  An air elemental (Elf:2)
  An orc wizard (D:15)
  A white imp (D:7)
  A bush (Lair:5)
  28 fungi
  59 plants
102 creatures vanquished.

Grand Total: 1460 creatures vanquished

Notes
Turn   | Place    | Note
-------+----------+-------------------------------------------
     0 | D:1      | Kazon the Human Berserker began the quest for the Orb.
     0 | D:1      | Reached XP level 1. HP: 18/18 MP: 1/1
    34 | D:1      | Identified a scroll of acquirement
    34 | D:1      | Acquired the +10 pearl dragon scales of Sutirphanoc {rN+
                  | Will+}
   230 | D:1      | Reached XP level 2. HP: 24/24 MP: 2/2
   579 | D:1      | Reached XP level 3. HP: 29/29 MP: 3/3
  1389 | D:2      | Reached XP level 4. HP: 35/35 MP: 4/4
  1423 | D:2      | Reached skill level 4 in Long Blades
  1427 | D:2      | Reached ** piety under Trog
  1435 | D:2      | Reached skill level 1 in Throwing
  1665 | D:3      | Found Umat's Antique Weapon Boutique.
  1692 | D:3      | Bought a crude falchion for 184 gold pieces
  1692 | D:3      | Identified the +3 falchion of Winter {venom, rCorr} (You
                  | bought it in a shop on level 3 of the Dungeon)
  1819 | D:3      | Reached XP level 5. HP: 41/41 MP: 5/5
  1824 | D:3      | Noticed Robin
  1839 | D:3      | Killed Robin
  1885 | D:3      | Reached skill level 1 in Short Blades
  2046 | D:3      | You fall into a shaft and drop 1 floor!
  2169 | D:4      | Reached XP level 6. HP: 47/48 MP: 6/6
  2276 | D:3      | Reached skill level 7 in Long Blades
  2276 | D:3      | Reached skill level 5 in Throwing
  2276 | D:3      | Reached skill level 5 in Armour
  2276 | D:3      | Reached skill level 5 in Dodging
  2276 | D:3      | Reached XP level 7. HP: 59/59 MP: 7/7
  2828 | D:4      | Reached *** piety under Trog
  2878 | D:4      | Found a hazy altar of Hepliaklqana.
  3158 | D:5      | Entered Level 5 of the Dungeon
  3182 | D:5      | Noticed Menkaure
  3187 | D:5      | Killed Menkaure
  3188 | D:5      | Reached XP level 8. HP: 65/65 MP: 8/8
  3257 | D:5      | Noticed Eustachio
  3279 | D:5      | Killed Eustachio
  3675 | D:5      | Reached skill level 1 in Evocations
  3807 | D:5      | Reached XP level 9. HP: 71/71 MP: 9/9
  4167 | D:6      | Noticed Maggie
  4197 | D:6      | Killed Maggie
  4198 | D:6      | Reached skill level 8 in Long Blades
  4312 | D:6      | Reached skill level 5 in Shields
  4365 | D:6      | Noticed Edmund
  4379 | D:6      | Killed Edmund
  4426 | D:6      | Reached **** piety under Trog
  4555 | D:6      | Reached XP level 10. HP: 70/79 MP: 10/10
  5074 | D:7      | Found a hide-covered altar of Uskayaw.
  5076 | D:7      | Found a staircase to the Ecumenical Temple.
  5104 | D:7      | Reached skill level 9 in Long Blades
  5247 | D:7      | Found a white marble altar of Elyvilon.
  5252 | D:7      | Reached ***** piety under Trog
  5646 | D:8      | Found Quzidd's Magic Scroll Emporium.
  5651 | D:8      | Bought a scroll of teleportation for 42 gold pieces
  6028 | D:8      | Found Esumer's Weapon Shop.
  6309 | D:8      | Found Heidghoki's Jewellery Shop.
  6508 | D:8      | Found Zoxtaeshakh's Jewellery Boutique.
  6607 | D:9      | Noticed Prince Ribbit
  6621 | D:9      | Killed Prince Ribbit
  6664 | D:9      | Reached XP level 11. HP: 57/83 MP: 11/11
  7110 | D:9      | Noticed a two-headed ogre
  7130 | D:9      | Killed a two-headed ogre
  7253 | D:10     | Entered Level 10 of the Dungeon
  7328 | D:10     | Found a staircase to the Lair.
  7370 | D:10     | Reached skill level 10 in Long Blades
  7370 | D:10     | Reached skill level 1 in Stealth
  7438 | D:10     | Identified the +5 long sword of the Land of Plenty {drain,
                  | Dex+3}
  7450 | D:10     | Noticed Erolcha
  7460 | D:10     | Killed Erolcha
  7485 | D:10     | Found Juagoaq's Book Shoppe.
  7783 | D:10     | Reached skill level 5 in Evocations
  8588 | D:11     | Noticed a green ugly thing
  8608 | D:11     | Killed a green ugly thing
  8609 | D:11     | Reached XP level 12. HP: 89/94 MP: 12/12
  8638 | D:11     | Received a gift from Trog
  9461 | Lair:1   | Entered Level 1 of the Lair of Beasts
  9532 | Lair:1   | Found the +2 Maxwell's thermic engine {flame, freeze}
  9647 | Lair:1   | Reached skill level 11 in Long Blades
 10310 | Lair:2   | Noticed a catoblepas
 10332 | Lair:2   | Killed a catoblepas
 10379 | Lair:2   | Reached XP level 13. HP: 70/103 MP: 13/13
 10442 | Lair:2   | Reached skill level 10 in Fighting
 10497 | Lair:2   | Noticed Fannar
 10516 | Lair:2   | Killed Fannar
 10850 | D:8      | Bought the amulet "Odemouw" {Contam rPois rF+++ Regen+
                  | Stlth+} for 734 gold pieces
 11426 | Lair:3   | Found a staircase to the Shoals.
 11508 | Lair:3   | Reached skill level 12 in Long Blades
 11551 | Lair:3   | Found an ancient bone altar of Kikubaaqudgha.
 11761 | Lair:3   | Reached ****** piety under Trog
 11829 | Lair:3   | Found a hole to the Spider Nest.
 12294 | Lair:4   | Found a staircase to the Slime Pits.
 12294 | Lair:4   | Found a viscous altar of Jiyva.
 12375 | Lair:4   | Reached XP level 14. HP: 105/113 MP: 14/14
 12452 | Lair:4   | Identified the +3 battleaxe "Adididghufym" {antimagic, rF+
                  | Will+}
 12900 | Lair:5   | Entered Level 5 of the Lair of Beasts
 13097 | Lair:5   | Reached skill level 13 in Long Blades
 14478 | D:12     | Noticed Lodul
 14481 | D:12     | Received a gift from Trog
 14492 | D:12     | Killed Lodul
 14787 | D:12     | Reached XP level 15. HP: 119/120 MP: 15/15
 14870 | D:12     | Noticed Rupert
 14877 | D:12     | Killed Rupert
 15093 | D:12     | Found a staircase to the Orcish Mines.
 15137 | D:12     | Noticed Nessos
 15148 | D:12     | Killed Nessos
 15149 | D:12     | Reached skill level 14 in Long Blades
 15321 | D:13     | Noticed Azrael
 15344 | D:13     | Killed Azrael
 15637 | D:13     | Found Ituota Roil's Distillery.
 16095 | D:13     | Found a gate to the Vaults.
 16219 | D:14     | Noticed Foerhozi's ghost (journeyman DgAr)
 16376 | D:14     | Identified the +6 scale mail "Voetobuo" {Int-3 Dex+8}
 16434 | D:14     | Noticed Snorg
 16446 | D:14     | Killed Snorg
 16519 | D:14     | Reached skill level 10 in Evocations
 16525 | D:14     | Found a frozen archway.
 16630 | D:14     | Reached skill level 10 in Throwing
 16712 | D:14     | Found a runed translucent gate.
 16723 | D:14     | Found a runed translucent gate.
 16723 | D:14     | Found a runed translucent gate.
 16821 | D:14     | Received a gift from Trog
 17317 | Spider:1 | Entered Level 1 of the Spider Nest
 17430 | Spider:1 | Reached XP level 16. HP: 127/127 MP: 16/16
 17451 | Spider:1 | Reached skill level 15 in Long Blades
 17812 | Spider:1 | Acquired the +1 pair of gloves of Vixeyst {rPois Regen+
                  | Int-5 SInv}
 18476 | Spider:1 | Identified the +3 triple sword of Youthful Indiscretion
                  | {vorpal, Dex+7} (Trog gifted it to you on level 1 of the
                  | Spider Nest)
 18476 | Spider:1 | Received a gift from Trog
 18553 | Spider:1 | Noticed an emperor scorpion
 18575 | Spider:1 | Killed an emperor scorpion
 18947 | Spider:2 | Noticed an emperor scorpion
 18961 | Spider:2 | Killed an emperor scorpion
 19962 | Spider:3 | Reached XP level 17. HP: 133/135 MP: 17/17
 20100 | Spider:3 | Reached skill level 10 in Armour
 20267 | Spider:3 | Reached skill level 16 in Long Blades
 20593 | Spider:3 | HP: 9/202 [spark wasp (16)]
 21076 | Spider:4 | Entered Level 4 of the Spider Nest
 21189 | Spider:4 | Noticed Mara
 21263 | Spider:4 | Received a gift from Trog
 21646 | Spider:4 | Noticed Kazon's illusion
 21709 | Spider:4 | Killed Mara
 22260 | Spider:4 | Reached XP level 18. HP: 143/144 MP: 0/18
 22442 | Spider:4 | Received a gift from Trog
 22607 | Spider:4 | Got a gossamer rune of Zot
 22867 | Spider:4 | Reached skill level 10 in Shields
 23308 | Vaults:1 | Entered Level 1 of the Vaults
 23536 | D:15     | Entered Level 15 of the Dungeon
 23666 | D:15     | Reached skill level 17 in Long Blades
 23729 | D:15     | Identified Roxanne's Parchment of Spelunking
 23729 | D:15     | Noticed Roxanne
 23843 | D:15     | Found a staircase to the Depths.
 23911 | D:15     | Reached skill level 5 in Stealth
 23949 | D:15     | Identified the +2 short sword of the Harvest {vorpal, rPois
                  | rF++ rC- rCorr} (Trog gifted it to you on level 15 of the
                  | Dungeon)
 23949 | D:15     | Received a gift from Trog
 24384 | Orc:1    | Entered Level 1 of the Orcish Mines
 24398 | Orc:1    | Noticed Urug
 24410 | Orc:1    | Killed Urug
 24411 | Orc:1    | Reached XP level 19. HP: 153/153 MP: 19/19
 24943 | Orc:2    | Entered Level 2 of the Orcish Mines
 25041 | Orc:2    | Noticed Donald
 25055 | Orc:2    | Killed Donald
 25055 | Orc:2    | Received a gift from Trog
 25161 | Orc:2    | Found a staircase to the Elven Halls.
 25301 | Orc:2    | Received a gift from Trog
 25344 | Orc:2    | Found a gate leading to a gauntlet.
 25364 | Gauntlet | Entered a Gauntlet
 25364 | Gauntlet | Found a transporter.
 25373 | Gauntlet | Found a transporter.
 25374 | Gauntlet | Found a transporter.
 25375 | Gauntlet | Found a transporter.
 25378 | Gauntlet | Found a transporter.
 25379 | Gauntlet | Found a transporter.
 25383 | Gauntlet | Found a runed translucent door.
 25384 | Gauntlet | Found a runed translucent door.
 25389 | Gauntlet | Found a transporter.
 25389 | Gauntlet | Found the +12 glaive of Prune {vorpal}
 25396 | Gauntlet | Found a transporter.
 25456 | Gauntlet | Found a runed translucent door.
 25456 | Gauntlet | Found a transporter.
 25472 | Gauntlet | Found a transporter.
 25472 | Gauntlet | Found a transporter.
 25485 | Gauntlet | Found a transporter.
 25575 | Gauntlet | Identified the ring "Azxilac" {+Blink rPois rC+ Int-3
                  | Dex+6}
 25609 | Gauntlet | Gained mutation: You are resistant to electric shocks.
                  | (rElec) [a neqoxec]
 25631 | Gauntlet | Identified the ring "Mishoal" {*Corrode rElec rPois AC+4
                  | Str+2}
 25959 | Orc:2    | Found a runed translucent door.
 25959 | Orc:2    | Noticed SirLogeyBear's ghost (journeyman HOBe)
 26195 | Orc:2    | Found Pisuawn's Antique Armour Emporium.
 26268 | Orc:2    | Found Leshref's General Store.
 26269 | Orc:2    | Found Geemeife's Jewellery Shoppe.
 26270 | Orc:2    | Found Luduu's Antique Weapon Emporium.
 26274 | Orc:2    | Bought a spiked leather armour for 161 gold pieces
 26274 | Orc:2    | Identified the +0 leather armour of the Lion {Will- Dex+5}
                  | (You bought it in a shop on level 2 of the Orcish Mines)
 26274 | Orc:2    | Bought a pair of glowing boots for 172 gold pieces
 26285 | Orc:2    | Bought a potion of heal wounds for 60 gold pieces
 26285 | Orc:2    | Bought a potion of curing for 36 gold pieces
 26517 | Elf:1    | Entered Level 1 of the Elven Halls
 26699 | Elf:1    | Noticed Agnes
 26712 | Elf:1    | Killed Agnes
 26816 | Elf:1    | Received a gift from Trog
 26978 | Elf:1    | Noticed a Brimstone Fiend
 26980 | Elf:1    | Noticed a Tzitzimitl
 27396 | Elf:2    | Found a transporter.
 27396 | Elf:2    | Noticed Vatovie's ghost (journeyman MiBe)
 27476 | Elf:2    | Found Hiosedoa's Distillery.
 27476 | Elf:2    | Found Zoshugie's Magic Scroll Shoppe.
 27477 | Elf:2    | Found Uddis's Antique Armour Shoppe.
 27493 | Elf:2    | Found Wuev's Magic Scroll Emporium.
 27518 | Elf:2    | Bought a potion of curing for 36 gold pieces
 27518 | Elf:2    | Bought a potion of curing for 36 gold pieces
 27535 | Elf:2    | Reached skill level 15 in Fighting
 27592 | Elf:2    | Found a transporter.
 27940 | Elf:1    | Found an ancient bone altar of Kikubaaqudgha.
 28064 | Elf:2    | Found a huge runed translucent gate.
 28065 | Elf:2    | Found a huge runed translucent gate.
 28066 | Elf:2    | Found a huge runed translucent gate.
 28067 | Elf:2    | Found a huge runed translucent gate.
 28067 | Elf:2    | Found a huge runed translucent gate.
 28102 | Elf:2    | Received a gift from Trog
 28187 | Elf:2    | Noticed Nikola
 28201 | Elf:2    | Killed Nikola
 28333 | Elf:2    | Reached XP level 20. HP: 162/162 MP: 20/20
 28357 | Elf:2    | Reached skill level 1 in Maces & Flails
 28503 | Elf:3    | Entered Level 3 of the Elven Halls
 28543 | Elf:3    | Found Cel Ymun's Antique Armour Boutique.
 28558 | Elf:3    | Bought the +0 mask of the Dragon {Will+ Slay+3 SInv} for
                  | 1235 gold pieces
 28558 | Elf:3    | Found the +0 mask of the Dragon {Will+ Slay+3 SInv}
 28611 | Elf:3    | Found Ecsiwk's Weapon Shop.
 28774 | Elf:3    | Noticed Louise
 28936 | Elf:3    | Noticed Asterion
 28950 | Elf:3    | Killed Asterion
 28999 | Elf:3    | Identified the +10 short sword of Departure {flame, Str+2}
                  | (Trog gifted it to you on level 3 of the Elven Halls)
 28999 | Elf:3    | Received a gift from Trog
 29027 | Elf:3    | Paralysed by an air elemental for 1 turns
 29331 | Elf:3    | Killed Louise
 29468 | Elf:3    | Identified the +3 quarterstaff of the Vase {venom, rC+}
 29649 | Elf:3    | Reached skill level 10 in Dodging
 29678 | Elf:3    | Identified the +8 flail of Qocw {holy, *Slow rElec Str+6
                  | Int+2}
 29702 | Elf:3    | Identified the +3 robe of the Original Sin {Will+}
 29868 | Elf:3    | Identified the +0 pair of gloves of Distant Shores {Harm
                  | rN++}
 29896 | Elf:3    | Noticed a Brimstone Fiend
 30495 | Shoals:1 | Entered Level 1 of the Shoals
 30632 | Shoals:1 | Received a gift from Trog
 31412 | Shoals:2 | Reached XP level 21. HP: 160/170 MP: 21/21
 31537 | Shoals:2 | Reached skill level 5 in Maces & Flails
 31660 | Shoals:2 | Identified the +4 chain mail of the Enchanted Forest
                  | {*Corrode Dex+6}
 32086 | Shoals:3 | Received a gift from Trog
 32643 | Shoals:4 | Entered Level 4 of the Shoals
 32858 | Shoals:4 | Got a barnacled rune of Zot
 33172 | Shoals:4 | Reached skill level 15 in Evocations
 33356 | Shoals:4 | Received a gift from Trog
 33425 | Shoals:4 | Found a runed translucent door.
 33426 | Shoals:4 | Found a shimmering altar of Xom.
 33428 | Shoals:4 | Noticed funnyparkerb's ghost (journeyman FeSu)
 33454 | Shoals:4 | Identified the ring of Zuegae {rPois rF+ rC- MP+9}
 33693 | Shoals:4 | Killed funnyparkerb's ghost
 34108 | Depths:1 | Entered Level 1 of the Depths
 34129 | Depths:1 | HP: 6/170 [deep troll (10)]
 34131 | Depths:1 | Mangled by a deep troll shaman

Illustrated notes

Levels and vault maps discovered:
D:1:      dpeg_arrival_three_smaller_balls, layout_basic
D:2:      layout_loops_ring
D:3:      layout_basic, serial_shops, nicolae_shop_stone, st_stairs_9,
          minmay_misc_feat_doors, eino_curves_03, uniq_robin
D:4:      minmay_wonky_spiral, layout_basic,
          mainiacjoe_overflow_surrounded_room, minivault_5
D:5:      layout_cave_pods, uniq_menkaure, uniq_eustachio
D:6:      cheibrodos_barr_body, layout_basic, minmay_crystal_room,
          minmay_pentangle, uniq_maggie, uniq_edmund
D:7:      layout_cave_pools, nicolae_uskayaw_murder_on_the_dancefloor,
          elyvilon_altar_4, minmay_temple_entry_purple_smoke
D:8:      layout_basic, serial_shops, shop_statue, kennysheep_little_box, shop,
          nicolae_shop_window_shopping
D:9:      layout_cave_pools, uniq_prince_ribbit1
D:10:     layout_stronghold, erik_lair_island, serial_shops,
          nicolae_shop_statue_plus, uniq_erolcha
D:11:     layout_roguey
D:12:     layout_loops_ring, orc_0_dummy, chequers_serial_rivers_marsh,
          uniq_lodul, uniq_nessos, uniq_rupert
D:13:     layout_gridville, david_vaults_5, serial_shops,
          nicolae_shop_behind_doors, minmay_fractal_squares_gapless_5,
          uniq_azrael
D:14:     layout_roguey, minmay_misc_feat_secret_circle, gammafunk_ghost_split,
          portal_ice_cave_entry_ice_simulacra, uniq_snorg
D:15:     hangedman_depths_entry_try_elsewhere_first, layout_loops_corners,
          uniq_roxanne
Lair:1:   layout_long_grid, fungi_pond_lemuel, cheibrodos_lair_reptile_den
Lair:2:   layout_gridlike, uniq_fannar
Lair:3:   layout_roguey, minmay_shoals_entry_hut,
          nicolae_spider_entry_non_spiders, basic_altar, serial_bayou_crossing
Lair:4:   layout_gridlike, slime_entry_1, serial_rivers,
          chequers_serial_rivers_room_a, chequers_serial_rivers_micro_c,
          chequers_serial_rivers_room_a, chequers_serial_rivers_micro_e,
          minivault_27, grunt_megastairs_3, infiniplex_staircase_pool_2
Lair:5:   evilmike_catoblepas_cave, layout_long_grid
Shoals:1: layout_shoals, nicolae_shoals_lost_giant_pillars
Shoals:2: layout_shoals
Shoals:3: layout_shoals
Shoals:4: shoals_end_simple, layout_shoals, ebering_ghost_xom
Spider:1: layout_chambers, nicolae_spider_undead_wolf_pack
Spider:2: layout_cave_pods
Spider:3: layout_spider_delve
Spider:4: floodkiller_spider_rune_tomb, special_room [special_room_bee],
          uniq_mara
Orc:1:    layout_caves, basic_altar, uniq_urug
Orc:2:    st_orc_congregation, layout_caves, gauntlet_entry_generic,
          hellmonk_ghost_happy_afterlife, uniq_donald
Elf:1:    layout_gridlike, minmay_elf_demonology, lemuel_upstairs_altar,
          uniq_agnes
Elf:2:    elven_hall_of_blades_hangedman_alternative
          [nicolae_blade_entry_diamond_columns], layout_geoelf_diagonals,
          gammafunk_ghost_arena, minmay_shoptagon, uniq_nikola
Elf:3:    elf_hall_gauntlet_narrow, layout_gridlike, serial_shops,
          nicolae_shop_overgrown_old_shop, nicolae_shop_advertising_works
          [nicolae_subvault_shop_adworks], uniq_louise, uniq_asterion
Vaults:1: nicolae_vaults_little_squares_1, v_misc_5, hangedman_vaults_stitches,
          hangedman_vaults_cutoff, grunt_vaults_trifunnel, v_misc_19,
          nicolae_vaults_three_branches, vaults_room_pool,
          vaults_room_door_hall, nicolae_vaults_little_ls,
          nicolae_vaults_rhombus_7, layout_vaults_omnicross, serial_shops, shop
Depths:1: layout_basic, enter_ziggurat_b, corexii_leaking_fountain,
          serial_shops, freezing_bzr, pf_coc_iceberg,
          serial_sigils_hangedman_etch, grunt_ministairs_7,
          okawaru_altar_gauntlet_db

Skill      XL: |  1  2  3  4  5  6  7  8  9 10 11 12 13 14 15 16 17 18 19 20 21 |
---------------+----------------------------------------------------------------+-----
Long Blades    | 4 7 8 9 10 11 12 13 14 15 16 17 | 17.9
Throwing       | 1 5 6 7 8 9 10 12 13 14 | 14.9
Short Blades   | 1 |  1.9
Fighting       | 4 6 7 8 9 11 12 13 14 15 | 15.9
Armour         | 5 6 7 8 9 10 11 12 | 12.0
Dodging        | 5 6 7 8 9 11 12 | 12.1
Shields        | 4 5 6 7 8 9 10 11 12 | 12.0
Evocations     | 1 2 3 5 6 7 8 10 11 13 14 15 | 15.3
Stealth        | 1 2 3 4 5 |  5.7
Maces & Flails | 4 8 |  8.6

Action                   |  1- 3 |  4- 6 |  7- 9 | 10-12 | 13-15 | 16-18 | 19-21 || total
-------------------------+-------+-------+-------+-------+-------+-------+-------++-------
Melee: Falchion          |   103 |    63 |   226 |   562 |       |    61 |   115 ||  1130
       Punch             |     1 |       |       |       |       |       |       ||     1
       Dagger            |     8 |    23 |       |       |       |       |       ||    31
       Long sword        |       |       |       |   261 |       |       |       ||   261
       Double sword      |       |       |       |    46 |   734 |  1058 |   884 ||  2722
       Eveningstar       |       |       |       |       |       |       |   569 ||   569
Throw: Stone             |     5 |    20 |    41 |    70 |    23 |       |       ||   159
       Boomerang         |       |     6 |    37 |    52 |   138 |   185 |   370 ||   788
       Dart              |       |       |     2 |    30 |    77 |   205 |    95 ||   409
       Javelin           |       |       |       |       |       |       |     9 ||     9
Invok: Berserk           |       |       |     1 |     6 |     5 |     8 |    14 ||    34
       Trog's Hand       |       |       |     1 |     4 |     1 |       |     3 ||     9
       Brothers in Arms  |       |       |       |       |       |     3 |     4 ||     7
Evoke: Wand              |       |       |     2 |     5 |    42 |    22 |     3 ||    74
       Phial of floods   |       |       |       |       |     1 |     2 |       ||     3
       Condenser vane    |       |       |       |       |     1 |     1 |     1 ||     3
       Phantom mirror    |       |       |       |       |       |     1 |     1 ||     2
       Lightning rod     |       |       |       |       |       |     6 |     4 ||    10
  Use: Scroll            |     1 |       |     5 |    10 |     8 |     9 |    13 ||    46
       Potion            |       |     1 |     2 |     1 |       |       |     8 ||    12
 Stab: Paralysed         |       |       |       |     5 |     2 |    17 |       ||    24
       Sleeping          |       |       |       |       |     3 |     3 |     8 ||    14
       Distracted        |       |       |       |       |       |     3 |     1 ||     4
       Held in net/web   |       |       |       |       |       |     1 |       ||     1
Armor: Pearl dragon scal |    55 |    45 |   101 |   370 |   306 |   556 |   974 ||  2407
       Animal skin       |     6 |       |       |       |       |       |       ||     6
Dodge: Dodged            |    69 |    45 |   108 |   359 |   269 |   544 |   924 ||  2318
Block: Buckler           |       |       |    36 |   151 |   157 |   470 |    87 ||   901
       Kite shield       |       |       |       |       |       |       |   982 ||   982
       Reflection        |       |       |       |       |       |       |    82 ||    82
